 Dungeon Crawl Stone Soup version 0.32-a0-814-g0968bab981 (webtiles) character file.

Game seed: 13181395662450592471

393 SowerOfTemptation the Changeling (level 6, -6/47 HPs)
             Began as a Draconian Shapeshifter on Mar 22, 2024.
             Mangled by a steam dragon (8 damage)
             ... on level 4 of the Dungeon.
             The game lasted 00:03:10 (2655 turns).

SowerOfTemptation the Changeling (DrSh)             Turns: 2655, Time: 00:03:11

Health: -6/47      AC:  6    Str: 16    XL:     6   Next: 51%
Magic:  6/6        EV: 11    Int: 11    God:
Gold:   187        SH:  0    Dex: 12    Spells: 5/5 levels left

rFire   . .          .
                       - Unarmed
rCold   . . .        (no shield)
rNeg    . . .        (body armour unavailable)
rPois   .            (helmet currently unavailable)
rElec   .            (cloak currently unavailable)
rCorr   .            (gloves currently unavailable)
SInv    .            (boots currently unavailable)
Will    .....        (no amulet)
Stlth   ++           (no ring)
HPRegen 0.27/turn    (no ring)
MPRegen 0.10/turn

%: no passive effects
@: beast-form
A: beast (slay +3), AC +6, unfitting armour, cold-blooded
a: Begin Untransformation


You were on level 4 of the Dungeon.
You were a hulking beast.
You visited 1 branch of the dungeon, and saw 4 of its levels.

You collected 187 gold pieces.

Inventory:

Armour
 k - a +0 pair of gloves
Jewellery
 f - a ring of ice
Talismans
 b - a beast talisman (active)
 i - a flux talisman
Scrolls
 d - a scroll of immolation {unknown}
 e - 2 scrolls of identify {unknown}
 g - a scroll of fear {unknown}
 j - a scroll of teleportation {unknown}
 l - a scroll of blinking {unknown}
 m - a scroll of fog {unknown}
 n - a scroll of enchant weapon {unknown}
Potions
 a - a potion of lignification
 h - 2 potions of curing {unknown}
 o - a potion of ambrosia {unknown}


   Skills:
 - Level 1.1 Fighting
 - Level 1.7 Dodging
 + Level 2.2 Stealth
 - Level 3.0 Unarmed Combat
 + Level 1.0 Evocations
 + Level 6.3 Shapeshifting


You had 5 spell levels left.
You didn't know any spells.
Your spell library contained the following spells:

 Spells                   Type           Power      Damage    Failure   Level
 Apportation              Tloc           0%         N/A       34%         1
 Summon Small Mammal      Summ           0%         N/A       34%         1
 Jinxbite                 Hex            0%         N/A       47%         2
 Call Canine Familiar     Summ           0%         N/A       71%         3
 Summon Blazeheart Golem  Fire/Summ      0%         N/A       98%         4
 Alistair's Intoxication  Alch           0%         N/A       100%        5


Dungeon Overview and Level Annotations

Branches:
Dungeon (4/15)
 Temple: D:4-7

Altars:

Annotations:
D:3 1 runed translucent door, Crazy Yiuf


Innate Abilities, Weirdness & Mutations

You are a hulking beast.
Your limbs bulge with bestial killing power. (Slay +3)
Your plain brown scales are hard. (AC +6)
You cannot fit into any form of body armour.
You are cold-blooded and may be slowed by cold attacks.


Message History

Key pressed, stopping explore.
A steam dragon comes into view.
The steam dragon hisses angrily.
The steam dragon breathes steam at you. The ball of steam hits you!
You see here 17 gold pieces.
You're standing in a cloud of steam!
You're standing in a cloud of steam!
No reachable target in view!
Aiming: Corrosive Bolt
Press: ? - help, Q - select action Shift-Dir - straight line, f - steam dragon
Aim: a steam dragon (catching its breath, 71% to hit)
The bolt of acid hits the steam dragon!
The steam dragon is moderately wounded.
You are engulfed in a cloud of scalding steam.
Aiming: Corrosive Bolt
Press: ? - help, Q - select action Shift-Dir - straight line, f/p - steam dragon
Aim: a steam dragon (steam, moderately wounded, catching its breath, 71% to hit)
The bolt of acid misses the steam dragon.
You are engulfed in a cloud of scalding steam.
The steam dragon bites you. The steam dragon barely misses you.
Aiming: Corrosive Bolt
Press: ? - help, Q - select action Shift-Dir - straight line, f/p - steam dragon
Aim: a steam dragon (steam, moderately wounded, catching its breath, 71% to hit)
The bolt of acid hits the steam dragon!
The steam dragon is severely wounded.
You are engulfed in a cloud of scalding steam.
The steam dragon bites you!
* * * LOW HITPOINT WARNING * * *
The steam dragon claws you but does no damage.
Aiming: Corrosive Bolt
Press: ? - help, Q - select action Shift-Dir - straight line, f/p - steam dragon
Aim: a steam dragon (severely wounded, 71% to hit)
The bolt of acid hits the steam dragon!
The steam dragon is almost dead.
The now-empty wand crumbles to dust.
You are engulfed in a cloud of scalding steam.
* * * LOW HITPOINT WARNING * * *
The steam dragon bites you!
You die...

#..####.........#
###.#####.#
#..#########..###.#
#.# #.#
#............>#
.###.# #.#
#.#############
.#...# #.# #.........
.#.### #.#
#..#######. .#.# #.#
#.......... .#.# #.#
##.##############D#.#
#.#
#..............h.#.#
#.#
##################.#
#.# #.# #.#
#.#######.##
#..........#
############


You could see a steam dragon.

Vanquished Creatures
  Grinder (D:4)
  2 bombardier beetles (D:3)
  An iguana (D:3)
  A jelly (D:4)
  2 adders
  7 dart slugs
  A ribbon worm (D:2)
  An orc (D:4)
  3 endoplasms
  9 goblins
  5 hobgoblins
  2 kobolds (D:1)
  3 quokkas
  10 ball pythons
  4 bats
  3 frilled lizards
  5 rats
60 creatures vanquished.

Notes
Turn   | Place    | Note
-------+----------+-------------------------------------------
     0 | D:1      | SowerOfTemptation the Draconian Shapeshifter began the
                  | quest for the Orb.
     0 | D:1      | Reached XP level 1. HP: 16/16 MP: 1/1
   134 | D:1      | Reached XP level 2. HP: 21/23 MP: 2/2
   434 | D:1      | Reached skill level 4 in Shapeshifting
   693 | D:2      | Found a faded altar of an unknown god.
   699 | D:2      | Reached XP level 3. HP: 28/28 MP: 3/3
  1186 | D:2      | You fall into a shaft and drop 1 floor!
  1340 | D:3      | Reached XP level 4. HP: 18/35 MP: 4/4
  1573 | D:3      | Reached skill level 1 in Stealth
  1675 | D:3      | Reached skill level 5 in Shapeshifting
  1675 | D:3      | Reached XP level 5. HP: 19/40 MP: 5/5
  1871 | D:3      | Found a runed translucent door.
  1872 | D:3      | Noticed Crazy Yiuf
  2226 | D:4      | Noticed Grinder
  2251 | D:4      | Killed Grinder
  2252 | D:4      | Reached skill level 6 in Shapeshifting
  2252 | D:4      | Reached XP level 6. HP: 17/47 MP: 6/6
  2562 | D:4      | Reached skill level 1 in Evocations
  2651 | D:4      | Noticed a steam dragon
  2655 | D:4      | HP: 2/47 [steam dragon] (10)]
  2655 | D:4      | Mangled by a steam dragon

Illustrated notes

Levels and vault maps discovered:
D:1:      lemuel_arrival_tunnels, layout_basic
D:2:      layout_rooms, dreamdust_ecumenical_altar_statues,
          minmay_indecisive_spiral
D:3:      layout_rooms, uniq_crazy_yiuf_cottage
D:4:      layout_basic, uniq_grinder

Skill      XL: |  1  2  3  4  5  6 |
---------------+-------------------+-----
Shapeshifting  | 4 5 6 |  6.3
Stealth        | 1 2 |  2.2
Evocations     | 1 |  1.0
Fighting       | |  1.1
Dodging        | |  1.7
Unarmed Combat | |  3.0

Action                     |  1- 3 |  4- 6 || total
---------------------------+-------+-------++-------
  Melee: Unarmed           |   114 |    38 ||   152
         Tailslap          |    10 |     8 ||    18
         Punch             |     4 |     2 ||     6
  Evoke: Wand              |     1 |     8 ||     9
   Stab: Sleeping          |       |     1 ||     1
 Armour: Skin              |    66 |    30 ||    96
  Dodge: Dodged            |    65 |    16 ||    81

Table legend: (Time is in decaauts)
 A = Elapsed time spent in this place.
 B = Non-inter-level travel time spent in this place.
 C = Inter-level travel time spent in this place.
 D = Time resting spent in this place.
 E = Time spent auto-exploring this place.
 F = Levels seen in this place.
 G = Mean time per level.
                   A        B        C        D        E       F      G
               +--------+--------+--------+--------+--------+-----+--------+
         Total |   2647 |   2577 |     70 |    247 |   1929 |   4 |  661.8 |
       Dungeon |   2647 |   2577 |     70 |    247 |   1929 |   4 |  661.8 |
               +--------+--------+--------+--------+--------+-----+--------+

Top non-repeatable levels by time:
     D:3: 761 daAuts
     D:1: 690 daAuts
     D:4: 630 daAuts
     D:2: 565 daAuts
